 Dungeon Crawl Stone Soup version 0.31.0-1-g2c135a008e (webtiles) character file.

Game seed: 7609363240703434082

42 qw the Shooter (level 3, -5/29 HPs)
             Began as a Djinni Hunter on Jan 24, 2024.
             Slain by Sigmund
             ... wielding a +0 scythe
              (10 damage)
             ... on level 2 of the Dungeon.
             The game lasted 00:00:03 (1290 turns).

qw the Shooter (Djinni Hunter)                      Turns: 1290, Time: 00:00:04

Health: -5/29      AC:  3    Str: 10    XL:     3   Next: 80%
Gold:   104        EV: 12    Int: 10    God:
                   SH:  0    Dex: 18

rFire   + + .        a - +0 shortbow
rCold   x . .        (shield currently unavailable)
rNeg    . . .        c - +0 leather armour
rPois   inf          (no helmet)
rElec   .            (no cloak)
rCorr   .            (no gloves)
SInv    .            (boots unavailable)
Will    .....        (no amulet)
Stlth   ++           (no ring)
HPRegen 0.24/turn    (no ring)
MPRegen 0.00/turn

%: infuse magic (-6 HP)
@: flying
A: sickness immunity, fire resistance 2, cold vulnerability 1, float, innate
caster, HP casting, extra vitality 1
a: no special abilities


You were on level 2 of the Dungeon.
You visited 1 branch of the dungeon, and saw 2 of its levels.

You collected 104 gold pieces.


Innate Abilities, Weirdness & Mutations

You are immune to sickness and miasma.
You are immune to poison.
Your flesh is very heat resistant. (rF++)
You are vulnerable to cold. (rC-)
You float through the air rather than walking.
You learn spells naturally, not from books.
Your magical power is your life essence.
You have superior vitality. (+4 MHP)


   Skills:
 + Level 2.7 Fighting
 - Level 4.0 Ranged Weapons
 - Level 2.1 Dodging
 - Level 0.7 Stealth


You knew the following spells:

 Your Spells              Type           Power      Damage    Failure   Level
a - Necrotise             Necr           0%         1d4       45%         1
Your spell library was empty.

Inventory:

Hand Weapons
 a - a +0 shortbow (weapon)
Armour
 c - a +0 leather armour (worn)
Wands
 d - a wand of polymorph (14)
Potions
 b - a potion of might {unknown}
 f - a potion of cancellation
 g - a potion of curing
 h - a potion of mutation {unknown}
 l - a potion of berserk rage {unknown}

Dungeon Overview and Level Annotations

Branches:
Dungeon (2/15)

Altars:
Qazlal

Annotations:
D:2 Sigmund


Message History

You shoot an arrow. The arrow hits the quokka.
The quokka is moderately wounded.
Sigmund barely misses you. The quokka barely misses you.
You shoot an arrow. The arrow barely misses the quokka.
The arrow hits Sigmund.
Sigmund is lightly wounded.
The quokka barely misses you.
Sigmund hits you from afar with a +0 scythe!
The quokka barely misses you.
You shoot an arrow. The arrow hits the quokka.
The quokka is almost dead.
The quokka completely misses you. Sigmund hits you but does no damage.
You shoot an arrow. The arrow closely misses the quokka.
The arrow closely misses Sigmund.
The quokka bites you.
The quokka bites you but does no damage.
Sigmund gestures wildly while chanting.
Sigmund flickers and vanishes!
Deactivating autopickup; reactivate with Ctrl-A.
You shoot an arrow. The arrow barely misses the quokka.
The quokka bites you. Something hits you.
You shoot an arrow. The arrow barely misses the quokka.
The quokka closely misses you. x2; Something hits you but does no damage.
You shoot an arrow. The arrow hits the quokka.
You kill the quokka!
Something hits you.
You shoot an arrow. You shoot an arrow.
A magic dart appears from out of thin air!
The magic dart hits you.
You shoot an arrow. Something hits you.
You shoot an arrow. Something barely misses you.
You shoot an arrow. Something barely misses you.
You shoot an arrow. Something hits you but does no damage.
You shoot an arrow. Something hits you!
You die...

......#
...>......#...
#######
######.#..#.####
#.#.......#
#.###.)...#
#.<.......# )
####......# # ...
#.###.##.#
.....#######........#
.....{.@..######.####
.....####.# #....#
... #.########.# .
#..........#
############


There were no monsters in sight!

Vanquished Creatures
  An adder (D:2)
  2 bats
  3 endoplasms
  3 giant cockroaches
  2 goblins
  A hobgoblin (D:1)
  5 jackals
  3 kobolds
  3 quokkas
  4 ball pythons
  A frilled lizard (D:1)
  2 rats
30 creatures vanquished.

Notes
Turn   | Place    | Note
-------+----------+-------------------------------------------
     0 | D:1      | qw the Djinni Hunter began the quest for the Orb.
     0 | D:1      | Reached XP level 1. HP: 18/18 MP: 0/0
     0 | D:1      | 0 ||| qw: Version: 0.3-a-136-gdd3b4e8
     0 | D:1      | 0 ||| qw: Game counter: 1355
     0 | D:1      | 0 ||| qw: Melee chars always use a shield: true
     0 | D:1      | 0 ||| qw: God list: Okawaru
     0 | D:1      | 0 ||| qw: Allow faded altars: false
     0 | D:1      | 0 ||| qw: Do Orc after clearing Dungeon:15 true
     0 | D:1      | 0 ||| qw: Do second Lair branch before Depths: true
     0 | D:1      | 0 ||| qw: Lair rune preference: random
     0 | D:1      | 0 ||| qw: Goals: Normal
     0 | D:1      | 0 ||| PLANNING D:1-11
   366 | D:1      | Reached XP level 2. HP: 23/23 MP: 0/0
   397 | D:1      | Found a faded altar of an unknown god.
   853 | D:1      | 853 ||| READING scroll labelled ZEXEQI IMMIET.
   854 | D:1      | 854 ||| READING scroll labelled SUOXACR UNUN.
   859 | D:1      | 859 ||| READING scroll labelled KUANNU NAOPSO.
   860 | D:1      | 860 ||| READING scroll labelled POUWKI OKHIETE.
   860 | D:1      | 860 ||| IDENTIFYING sedimented orange potion
   861 | D:1      | 861 ||| DRINKING 2 inky potions.
   862 | D:1      | 862 ||| DRINKING 2 smoky orange potions.
   863 | D:1      | 863 ||| DROPPING scroll of butterflies.
   864 | D:1      | 864 ||| DROPPING potion of ambrosia.
   915 | D:2      | Reached XP level 3. HP: 28/28 MP: 0/0
   915 | D:2      | Learned a level 1 spell: Necrotise
   931 | D:2      | Reached skill level 4 in Ranged Weapons
   956 | D:2      | Found a stormy altar of Qazlal.
  1273 | D:2      | Noticed Sigmund
  1285 | D:2      | HP: 5/29 [something/magic dart (5)]
  1290 | D:2      | Slain by Sigmund

Levels and vault maps discovered:
D:1:      dpeg_arrival_central, layout_loops_corners,
          hellmonk_ecumenical_altar_leap_of_faith
D:2:      layout_basic, basic_altar, minmay_pentomino_w2, uniq_sigmund,
          uniq_terence, uniq_robin

Skill      XL: |  1  2  3 |
---------------+----------+-----
Ranged Weapons | 4 |  4.0
Fighting       | |  2.7
Dodging        | |  2.1
Stealth        | |  0.7

Action                     || total
---------------------------++-------
   Fire: Shortbow          ||    93
    Use: Scroll            ||     4
         Potion            ||     2
 Armour: Leather armour    ||    40
  Dodge: Dodged            ||    32

Table legend:
 A = Non-vault XP
 B = Vault XP
 C = Vault XP percentage of total XP
 D = Non-vault monster count
 E = Vault monster count
 F = Vault count percentage of total count
                 A         B        C        D         E       F
            +---------+---------+-------+---------+---------+-------
      Total |      59 |       2 |   3.3 |      29 |       1 |   3.3
            +---------+---------+-------+---------+---------+-------
        D:1 |      23 |       0 |   0.0 |      13 |       0 |   0.0
        D:2 |      36 |       2 |   5.3 |      16 |       1 |   5.9
            +---------+---------+-------+---------+---------+-------
